 Dungeon Crawl Stone Soup version 0.30-b1-2-g02819fbbbe (webtiles) character file.

Game seed: 17389910336410564916

501 sanka the Vexing (level 6, -1/51 HPs)
             Began as a Demigod Enchanter on May 17, 2023.
             Killed from afar by an orc wizard (10 damage)
             ... with a puff of flame
             ... on level 3 of the Dungeon.
             The game lasted 00:06:46 (3333 turns).

sanka the Vexing (Demigod Enchanter)                Turns: 3333, Time: 00:06:47

Health: -1/51      AC:  2    Str:  8    XL:     6   Next: 63%
Magic:  10/11      EV: 13    Int: 24    God:
Gold:   196        SH:  0    Dex: 18    Spells: 3/9 levels left

rFire   . . .        t - +4 scimitar
rCold   . . .        (no shield)
rNeg    . . .        b - +0 robe
rPois   .            (no helmet)
rElec   .            (no cloak)
rCorr   +            (no gloves)
SInv    .            (no boots)
Will    .....        (no amulet)
Stlth   ++           s - ring of resist corrosion
HPRegen 0.28/turn    (no ring)
MPRegen 0.12/turn

%: no passive effects
@: mighty, brilliant
A: high MP 1, forlorn, divine attributes, agile 1, wild magic 1
a: no special abilities


You were on level 3 of the Dungeon.
You visited 1 branch of the dungeon, and saw 3 of its levels.
You also visited: Sewer.

You collected 196 gold pieces.

Inventory:

Hand Weapons
 a - a +1 dagger
 p - a +0 war axe
 t - a +4 scimitar (weapon)
 y - a +0 whip of draining
Missiles
 u - 2 curare-tipped darts {=f}
Armour
 b - a +0 robe (worn)
 i - a +0 chain mail
 l - a +0 ring mail
Magical Staves
 e - a staff of earth
Jewellery
 s - a ring of resist corrosion (left hand)
Wands
 m - a wand of polymorph (4)
 A - a wand of acid (6)
Scrolls
 d - a scroll of brand weapon {unknown}
 f - a scroll of noise {unknown}
 g - 5 scrolls of identify {unknown}
 k - 2 scrolls of amnesia {unknown}
 o - a scroll of blinking {unknown}
 q - a scroll of enchant armour {unknown}
 x - a scroll of teleportation {unknown}
Potions
 c - a potion of invisibility
 h - a potion of heal wounds {unknown}
 j - a potion of attraction {unknown}
 n - 2 potions of mutation {!q}
 r - a potion of brilliance
 v - a potion of might
 w - a potion of haste {unknown}
 z - a potion of magic {unknown}


   Skills:
 - Level 3.0 Fighting
 - Level 0.8 Short Blades
 - Level 3.0 Dodging
 - Level 2.6 Stealth
 - Level 2.0 Spellcasting
 + Level 5.8 Hexes


You had 3 spell levels left.
You knew the following spells:

 Your Spells              Type           Power      Damage    Failure   Level
a - Confusing Touch       Hex            56%        N/A       5%          3
b - Tukima's Dance        Hex            56%        N/A       5%          3

Your spell library contained the following spells:

 Spells                   Type           Power      Damage    Failure   Level
 Ensorcelled Hibernation  Hex/Ice        62%        N/A       9%          2
 Dazzling Flash           Conj/Hex       62%        N/A       16%         3


Dungeon Overview and Level Annotations

Branches:
Dungeon (3/15)              Sewer (visited)


Innate Abilities, Weirdness & Mutations

You have an increased reservoir of magic. (+10% MP)
You shall have no god before yourself.
Your divine heritage dramatically boosts your attributes as you level up.
You are agile. (Dex +4, Str/Int -1)
Your spells are a little harder to cast, but a little more powerful.


Message History

You hit the adder.
The adder is almost dead.
The adder bites you.
* * * LOW HITPOINT WARNING * * *
The adder misses you.
Unknown command.
You miss the adder.
The adder is almost dead.
The adder bites you.
* * * LOW HITPOINT WARNING * * *
Something hits you but does no damage. The adder bites you.
* * * LOW HITPOINT WARNING * * *
You hit the adder.
You kill the adder!
Unknown command.
Something hits you but does no damage. Something hits you.
* * * LOW HITPOINT WARNING * * *
You hear some strange, mumbled words.
Something tries to affect you, but you resist.
It was a potion of mutation.
You feel extremely strange.
You feel less in control of your magic.
You feel agile.
It was a potion of brilliance.
You feel clever all of a sudden. Something hits you but does no damage.
It was a potion of might.
You feel very mighty all of a sudden. Something barely misses you.
You closely miss something.
You hear some strange, mumbled words.
Something tries to affect you, but you resist.
You miss something. Something hits you.
* * * LOW HITPOINT WARNING * * *
You hear some strange, mumbled words.
Something tries to affect you, but you resist.
You miss something.
You hear some strange, mumbled words.
A puff of flame appears from out of thin air!
The puff of flame hits you!
You die...

.......K..## #............## ###
#.............### ..#
#...............#### .. #.#
............##.)..# ...### #.#
#........#...####.. ......##.#
##........#.#.# ##..
#....).####...........#.###...
#.>.........{@................
#$....................##..#...
#######...............###.#...
##...........[..##......
#####..##...................
######.................#.......).
#...........####.###.............
#...######### ##.#...............
##### #..................


There were no monsters in sight!

Vanquished Creatures
  An ogre (D:3)
  4 kobold brigands (Sewer)
  6 adders
  A worm (D:3)
  3 dart slugs
  5 orcs (D:3)
  7 ball pythons
  4 bats
  6 endoplasms
  11 giant cockroaches
  2 hobgoblins
  3 quokkas
  5 frilled lizards
  3 goblins
  14 kobolds
  4 rats
79 creatures vanquished.

Vanquished Creatures (others)
  3 plants (Sewer)
  4 toadstools (D:1)
7 creatures vanquished.

Grand Total: 86 creatures vanquished

Notes
Turn   | Place    | Note
-------+----------+-------------------------------------------
     0 | D:1      | sanka the Demigod Enchanter began the quest for the Orb.
     0 | D:1      | Reached XP level 1. HP: 14/14 MP: 5/5
   301 | D:1      | Reached skill level 1 in Fighting
   325 | D:1      | Reached XP level 2. HP: 17/23 MP: 7/7
   799 | D:2      | Reached XP level 3. HP: 25/29 MP: 8/8
  1968 | D:3      | Reached XP level 4. HP: 17/37 MP: 9/9
  2020 | D:3      | Found a glowing drain.
  2241 | Sewer    | Entered a sewer
  2335 | Sewer    | Noticed a kobold brigand
  2346 | Sewer    | Killed a kobold brigand
  2347 | Sewer    | Reached skill level 3 in Hexes
  2347 | Sewer    | Reached XP level 5. HP: 18/45 MP: 10/10
  2565 | Sewer    | Reached skill level 4 in Hexes
  2575 | Sewer    | Reached XP level 6. HP: 6/51 MP: 11/11
  2581 | Sewer    | HP: 2/51 [kobold/+0 club (3)]
  2768 | Sewer    | Learned a level 3 spell: Confusing Touch
  2772 | Sewer    | Learned a level 3 spell: Tukima's Dance
  2843 | Sewer    | Reached skill level 5 in Hexes
  3328 | D:3      | Gained mutation: Your spells are a little harder to cast,
                  | but a little more powerful. [potion of mutation]
  3328 | D:3      | Gained mutation: You are agile. (Dex +4, Str/Int -1)
                  | [potion of mutation]
  3333 | D:3      | Killed from afar by an orc wizard

Illustrated notes

Levels and vault maps discovered:
D:1:      ldierk_walled_garden_2, layout_loops_ring, minmay_strange_pillars
D:2:      layout_basic, basic_altar
D:3:      layout_rooms, gup_sewer_entry_glass, uniq_sigmund

Skill      XL: |  1  2  3  4  5  6 |
---------------+-------------------+-----
Dodging        | 2 3 |  3.0
Fighting       | 1 2 3 |  3.0
Spellcasting   | 2 |  2.0
Hexes          | 3 4 5 |  5.8
Short Blades   | |  0.8
Stealth        | |  2.6

Action                     |  1- 3 |  4- 6 || total
---------------------------+-------+-------++-------
  Melee: Dagger            |   140 |       ||   140
         Punch             |     2 |     1 ||     3
         War axe           |    49 |    48 ||    97
         Scimitar          |       |   101 ||   101
   Cast: Confusing Touch   |       |     4 ||     4
    Use: Potion            |       |     4 ||     4
   Stab: Sleeping          |     4 |     1 ||     5
         Invisible         |       |     4 ||     4
         Confused          |       |     1 ||     1
 Armour: Chain mail        |    58 |       ||    58
         Robe              |     1 |    12 ||    13
         Ring mail         |    41 |    51 ||    92
  Dodge: Dodged            |    95 |   155 ||   250
